 Dungeon Crawl Stone Soup version 0.26-a0-660-gc07710193c (webtiles) character file.

Game seed: 8288986263131952881

32 Borbozo the Cudgeler (level 3, -2/33 HPs)
             Began as a Minotaur Monk on Oct 8, 2020.
             Slain by Natasha (5 damage)
             ... on level 2 of the Dungeon.
             The game lasted 00:05:46 (1574 turns).

Borbozo the Cudgeler (Minotaur Monk)                Turns: 1574, Time: 00:05:48

Health: -2/33      AC:  2    Str: 16    XL:     3   Next: 8%
Magic:  2/2        EV: 13    Int:  7    God:
Gold:   41         SH:  0    Dex: 12    Spells: 2/2 levels left

rFire    . . .     SeeInvis .   a - +0 mace
rCold    . . .     Faith    .   (no shield)
rNeg     . . .     Spirit   .   b - +0 robe
rPois    .         Reflect  .   (helmet restricted)
rElec    .         Harm     .   (no cloak)
rCorr    .         Rampage  .   (no gloves)
MR       .....                  (no boots)
Stlth    ++........             (no amulet)
HPRegen  0.11/turn              (no ring)
MPRegen  0.08/turn              (no ring)

@: slowed, very slow
A: retaliatory headbutt, horns 2
a: no special abilities


You were on level 2 of the Dungeon.
You visited 1 branch of the dungeon, and saw 2 of its levels.

You collected 41 gold pieces.

Inventory:

Hand Weapons
 a - a +0 mace (weapon)
Armour
 b - a +0 robe (worn)
 j - a cursed +0 pair of gloves
Jewellery
 i - an uncursed amulet of regeneration {unknown}
Scrolls
 c - a scroll of fog {unknown}
 d - a scroll of enchant weapon {unknown}
 e - a scroll of fear {unknown}
 g - a scroll of enchant armour {unknown}
 k - 2 scrolls of identify {unknown}
 l - a scroll of blinking {unknown}
Potions
 f - a potion of degeneration {unknown}
 h - 5 potions of curing {unknown}


   Skills:
 + Level 4.1 Fighting
 + Level 4.2 Maces & Flails
 + Level 3.6 Dodging
 + Level 1.8 Stealth


You had 2 spell levels left.
You didn't know any spells.
Your spell library was empty.

Dungeon Overview and Level Annotations

Branches:
Dungeon (2/15)

Altars:

Annotations:
D:2 Natasha


Innate Abilities, Weirdness & Mutations

You reflexively headbutt those who attack you in melee.
You have a pair of horns on your head.


Message History

The shadow imp closely misses you. You furiously retaliate!
You headbutt the shadow imp! Natasha claws you but does no damage.
You barely miss Natasha.
Natasha is heavily wounded.
The shadow imp closely misses you.
Natasha mumbles some strange words.
Natasha glows brightly for a moment.
Natasha barely misses you. The shadow imp gestures at you.
Pain shoots through your body!
Natasha extends her claws.
Natasha misses you.
You hit Natasha. Your headbutt misses Natasha.
Natasha is severely wounded.
The shadow imp summons a swarm of flies.
The shadow imp gestures at you. Pain shoots through your body!
* * * LOW HITPOINT WARNING * * *
Natasha claws you.
You die...

.#
..###############
........##.....##
##.....)........##
#.....>....[.....#
#................#
##.........h5.....#
........†.†.@..<..#
.......(..†.......#
..................#
.!............<..##
...#.....##.....##
.. ############## .


You could see Natasha and a shadow imp (summoned).

Vanquished Creatures
  A dart slug (D:1)
  A leopard gecko (D:1)
  4 bats (D:1)
  2 giant cockroaches (D:1)
  4 goblins
  2 hobgoblins (D:1)
  4 jackals (D:2)
  A kobold (D:1)
  2 frilled lizards (D:1)
  4 rats (D:1)
25 creatures vanquished.

Notes
Turn   | Place    | Note
-------+----------+-------------------------------------------
     0 | D:1      | Borbozo the Minotaur Monk began the quest for the Orb.
     0 | D:1      | Reached XP level 1. HP: 19/19 MP: 0/0
   680 | D:1      | Reached XP level 2. HP: 27/27 MP: 1/1
  1556 | D:2      | Reached XP level 3. HP: 30/33 MP: 2/2
  1560 | D:2      | Noticed Natasha
  1574 | D:2      | Slain by Natasha

Illustrated notes

Levels and vault maps discovered:
D:1:      roderic_crossed_star, layout_basic
D:2:      layout_rooms, uniq_crazy_yiuf_cottage, uniq_natasha, uniq_sigmund

Skill      XL: |  1  2 |
---------------+-------+-----
Maces & Flails | 4 |  4.2
Fighting       | 4 |  4.1
Dodging        | |  3.6
Stealth        | |  1.8

Action                   || total
-------------------------++-------
Melee: Mace              ||    46
       Headbutt          ||     4
 Stab: Sleeping          ||     3
Armor: Robe              ||    10
Dodge: Dodged            ||    49

Table legend: (Time is in decaauts)
 A = Elapsed time spent in this place.
 B = Non-inter-level travel time spent in this place.
 C = Inter-level travel time spent in this place.
 D = Time resting spent in this place.
 E = Time spent auto-exploring this place.
 F = Levels seen in this place.
 G = Mean time per level.
                   A        B        C        D        E       F      G
               +--------+--------+--------+--------+--------+-----+--------+
         Total |   1587 |   1587 |      0 |    397 |      0 |   2 |  793.5 |
       Dungeon |   1587 |   1587 |      0 |    397 |      0 |   2 |  793.5 |
               +--------+--------+--------+--------+--------+-----+--------+

Top non-repeatable levels by time:
     D:1: 1556 daAuts
     D:2: 31 daAuts
